[Event "Sunday 29 April Rapid Engine Tour 12+1 Rounds 9 Starts 1600 ST"]
[Site "Infinity Chess"]
[Date "2018.4.29"]
[Round "8"]
[White "Medusa"]
[Black "Murx"]
[Result "1/2-1/2"]
[ECO "C65"]
[WhiteElo "2461"]
[BlackElo "2506"]
[WhiteEngine "Eman 1.70-beta23 64-bit BMI2"]
[BlackEngine "asmFishW_2018-04-07_popcnt"]
[EventType "Swiss"]
[WhiteTeam ""]
[BlackTeam ""]
[PlyCount "117"]
[TimeControl "720+1"]

1. e4 e5 2. Nf3 Nc6 3. Bb5 Nf6 4. O-O Nxe4 5. Re1 Nd6 6. Nxe5 Be7 7. Bf1 Nxe5 
8. Rxe5 O-O 9. d4 Bf6 10. Re1 Re8 11. c3 Rxe1 12. Qxe1 Ne8 13. Bf4 d5 
14. Nd2 Bf5 15. Qe2 c6 16. Re1 Nd6 17. Qf3 Bg6 18. g3 Qd7 19. Bxd6 Qxd6 
20. Kg2 h5 21. Bd3 Bxd3 22. Qxd3 g6 23. h3 Kg7 24. Nf3 Rh8 25. Ne5 Re8 
26. f4 Qc7 27. g4 hxg4 28. hxg4 Qc8 29. Qg3 Rh8 30. g5 Bxe5 31. fxe5 Qf5 
32. e6 Re8 33. e7 f6 34. gxf6+ Qxf6 35. Qe3 Qf5 36. Re2 Qg4+ 37. Kf1 Qh4 
38. Kg1 Qf6 39. Kg2 Qf5 40. Kg3 Qf6 41. a4 Kg8 42. Kg2 Qd6 43. b3 Kf7 
44. Qf2+ Qf6 45. Qg3 Kg7 46. Qe3 Qh4 47. a5 Qf6 48. c4 a6 49. Kg3 Qd6+ 
50. Kh4 dxc4 51. bxc4 Rh8+ 52. Kg4 Qd7+ 53. Qe6 Qxd4+ 54. Re4 Qg1+ 55. Kf3 Qf1+ 
56. Kg3 Qg1+ 57. Kf3 Qf1+ 58. Kg3 Qg1+ 59. Kf3 1/2-1/2

[Event "Sunday 29 April Rapid Engine Tour 12+1 Rounds 9 Starts 1600 ST"]
[Site "Infinity Chess"]
[Date "2018.4.29"]
[Round "8"]
[White "angriff"]
[Black "KRAKEN"]
[Result "0-1"]
[ECO "C55"]
[WhiteElo "2444"]
[BlackElo "2555"]
[WhiteEngine "DracoREX 3.07 64BIT POPCNT_CTG"]
[BlackEngine "Raubfisch ME262_GTZ17b3._CTG"]
[EventType "Swiss"]
[WhiteTeam ""]
[BlackTeam ""]
[PlyCount "186"]
[TimeControl "720+1"]

1. e4 e5 2. Nf3 Nc6 3. Bc4 Nf6 4. d3 Bc5 5. c3 O-O 6. O-O d6 7. Re1 Ng4 
8. Rf1 a5 9. Bg5 Nf6 10. a4 h6 11. Bh4 g5 12. Bg3 Kg7 13. Nbd2 Ba7 14. Nb3 Bb6 
15. Nbd2 Nh7 16. h3 h5 17. Kh1 h4 18. Bh2 g4 19. hxg4 Nf6 20. g5 Ng4 21. Qe2 Rh8 
22. Bb3 Ba7 23. Nc4 f6 24. gxf6+ Qxf6 25. Ne3 Qg6 26. Nd2 Bxe3 27. fxe3 h3 
28. g3 Nf6 29. Nf3 Bg4 30. Qd2 Qh5 31. Nh4 Raf8 32. Rf2 Ne7 33. Raf1 Qg5 
34. Ba2 Bh5 35. Be6 Bg4 36. Bb3 b6 37. Ba2 Bh5 38. Be6 Bg4 39. Bb3 Bh5 
40. Bd1 Ng4 41. Rxf8 Rxf8 42. Rxf8 Kxf8 43. Bg1 Ke8 44. Nf3 Qg8 45. b3 Nf6 
46. Kh2 Bxf3 47. Bxf3 Qxb3 48. Qd1 Qa2+ 49. Kxh3 b5 50. axb5 a4 51. d4 a3 
52. b6 cxb6 53. dxe5 dxe5 54. g4 Nh7 55. Be2 Ng6 56. Kg3 Kf8 57. Qf1+ Kg7 
58. Bc4 Qc2 59. Qf5 Nf6 60. g5 Nxe4+ 61. Kh3 Qg2+ 62. Kxg2 Nh4+ 63. Kh3 Nxf5 
64. Bd5 Kg6 65. Bxe4 a2 66. Kg4 a1=Q 67. Bxf5+ Kg7 68. Bh2 Qd1+ 69. Kh4 Qh1 
70. Kg3 Qe1+ 71. Kf3 Qf1+ 72. Ke4 Qh1+ 73. Kxe5 Qxh2+ 74. Kd4 Qd6+ 75. Ke4 b5 
76. Bh3 Qd2 77. Bf5 Qxc3 78. Kf3 b4 79. Ke2 b3 80. Bd3 b2 81. Be4 Qb4 
82. Bb1 Qc4+ 83. Bd3 b1=Q 84. Bxc4 Qc2+ 85. Kf3 Qxc4 86. e4 Qd4 87. Ke2 Kg6 
88. e5 Kf5 89. Kf3 Qc3+ 90. Kg2 Kg4 91. e6 Qc2+ 92. Kg1 Kf3 93. g6 Qg2# 0-1

[Event "Sunday 29 April Rapid Engine Tour 12+1 Rounds 9 Starts 1600 ST"]
[Site "Infinity Chess"]
[Date "2018.4.29"]
[Round "7"]
[White "fsher"]
[Black "IronMan"]
[Result "1/2-1/2"]
[ECO "C55"]
[WhiteElo "2374"]
[BlackElo "2355"]
[WhiteEngine "stockfish_17060619_x64_modern_CTG"]
[BlackEngine "Eman 1.70-beta23 64-bit POPCNT"]
[EventType "Swiss"]
[WhiteTeam ""]
[BlackTeam ""]
[PlyCount "74"]
[TimeControl "720+1"]

1. e4 e5 2. Nf3 Nc6 3. Bc4 Nf6 4. d3 Bc5 5. c3 O-O 6. O-O d6 7. Bg5 h6 8. Bh4 g5 
9. Bg3 Na5 10. b4 Nxc4 11. bxc5 Na5 12. Re1 Nh5 13. cxd6 cxd6 14. Nbd2 Be6 
15. Nf1 Rc8 16. Rc1 Nf4 17. Ne3 b6 18. Bxf4 gxf4 19. Nf5 Bxf5 20. exf5 Qf6 
21. d4 Rfe8 22. Qd3 Nc4 23. h3 Kf8 24. Rb1 Kg7 25. Kh2 Kh7 26. Rb5 a6 27. Rd5 b5 
28. dxe5 dxe5 29. a4 Rcd8 30. axb5 axb5 31. Qe4 Kg7 32. Rxd8 Rxd8 33. Kg1 Qd6 
34. Qb7 Rb8 35. Qe4 Rd8 36. Qb7 Qc5 37. Qe4 Qd6 1/2-1/2

[Event "Sunday 29 April Rapid Engine Tour 12+1 Rounds 9 Starts 1600 ST"]
[Site "Infinity Chess"]
[Date "2018.4.29"]
[Round "7"]
[White "Murx"]
[Black "KQRBNP"]
[Result "1-0"]
[ECO "D35"]
[WhiteElo "2497"]
[BlackElo "2334"]
[WhiteEngine "asmFishW_2018-04-07_popcnt"]
[BlackEngine "Eman 1.70-beta28 64-bit POPCNT"]
[EventType "Swiss"]
[WhiteTeam ""]
[BlackTeam ""]
[PlyCount "139"]
[TimeControl "720+1"]

1. d4 d5 2. c4 e6 3. Nc3 Nf6 4. cxd5 exd5 5. Bg5 c6 6. e3 h6 7. Bh4 Bd6 
8. Bd3 O-O 9. Nf3 Be6 10. Ne5 c5 11. O-O Nc6 12. Nxc6 bxc6 13. dxc5 Bxc5 
14. Na4 Bd6 15. Rc1 Rc8 16. Nc5 Qb6 17. Nxe6 fxe6 18. Qe2 Qb8 19. f4 e5 
20. Bf5 Rc7 21. Be6+ Kh8 22. Bxf6 Rxf6 23. f5 e4 24. Rc2 Rf8 25. g3 Qb6 
26. Kg2 Be7 27. h4 Rd8 28. f6 Bxf6 29. Qh5 Qxe3 30. Qg6 Be5 31. Rcf2 Qxg3+ 
32. Qxg3 Bxg3 33. Rf8+ Rxf8 34. Rxf8+ Kh7 35. Bg8+ Kg6 36. Kxg3 Re7 37. Rf1 d4 
38. Bf7+ Kh7 39. h5 g5 40. hxg6+ Kg7 41. Rg1 e3 42. Kf3 c5 43. Bc4 Rb7 
44. b3 Rb6 45. Bd3 Rf6+ 46. Ke4 Rf2 47. Kd5 Rd2 48. Kc4 h5 49. Rf1 Kg8 
50. Rf7 a6 51. Ra7 Rg2 52. Kxc5 e2 53. Re7 Rg5+ 54. Kxd4 Rg4+ 55. Kc3 Rg3 
56. Rxe2 Kg7 57. Kd4 Kf6 58. Be4 Rg1 59. Rf2+ Ke7 60. Ke5 a5 61. Rf7+ Ke8 
62. Kd6 Rd1+ 63. Kc7 Rc1+ 64. Bc6+ Rxc6+ 65. Kxc6 a4 66. bxa4 h4 67. Kd6 h3 
68. Rf5 h2 69. g7 h1=Q 70. g8=Q# 1-0

[Event "Sunday 29 April Rapid Engine Tour 12+1 Rounds 9 Starts 1600 ST"]
[Site "Infinity Chess"]
[Date "2018.4.29"]
[Round "7"]
[White "Katzenmaier"]
[Black "ocirema"]
[Result "1/2-1/2"]
[ECO "B90"]
[WhiteElo "2439"]
[BlackElo "2405"]
[WhiteEngine "Raubfisch X38b1"]
[BlackEngine "asmFishW_9_popcnt"]
[EventType "Swiss"]
[WhiteTeam ""]
[BlackTeam ""]
[PlyCount "169"]
[TimeControl "720+1"]

1. e4 c5 2. Nf3 d6 3. d4 cxd4 4. Nxd4 Nf6 5. Nc3 a6 6. Be3 e5 7. Nb3 Be6 
8. f3 h5 9. Qd2 Nbd7 10. Nd5 Bxd5 11. exd5 g6 12. Be2 Bg7 13. O-O b6 14. h3 O-O 
15. a4 Qc7 16. Rab1 Rfe8 17. c4 a5 18. Rbe1 Rac8 19. Nc1 Nh7 20. Na2 e4 
21. f4 Nc5 22. Nc3 f5 23. Nb5 Qd7 24. Bd1 Nd3 25. b3 Nxe1 26. Qxe1 Rb8 
27. g4 fxg4 28. hxg4 Nf6 29. gxh5 Qh3 30. Rf2 Ng4 31. Bxg4 Qg3+ 32. Kf1 Qxg4 
33. hxg6 Rf8 34. Qe2 Qh3+ 35. Ke1 Rf6 36. Rh2 Qg3+ 37. Qf2 Qxf2+ 38. Kxf2 Rxg6 
39. Rh3 Rf6 40. Rh5 Bh6 41. Rh4 Rbf8 42. Kg3 Kf7 43. Rg4 Rd8 44. Bd4 Rf5 
45. Nc3 Re8 46. Nb5 Rd8 47. Nc3 Re8 48. Ne2 Rh5 49. Kg2 Bf8 50. Ng3 Rh6 
51. f5 e3 52. Ne4 e2 53. Ng5+ Ke7 54. Kf2 Kd7 55. Ne4 Rh2+ 56. Ke1 Kc7 
57. Ng5 Rh1+ 58. Rg1 Rxg1+ 59. Bxg1 Be7 60. Ne6+ Kd7 61. Kxe2 Rb8 62. Bd4 Bh4 
63. Nf4 Ke8 64. Ng2 Bg5 65. Ne3 Ke7 66. Ng4 Bf4 67. Kd3 Rg8 68. Nf2 Rg3+ 
69. Ke4 Bg5 70. Bxb6 Rxb3 71. c5 Ke8 72. Nd3 Bf6 73. Ke3 Be7 74. Ke4 Bf6 
75. Bxa5 Ra3 76. Bb4 Rxa4 77. Kf3 dxc5 78. Bxc5 Bc3 79. Nf2 Kf7 80. Bd6 Ra5 
81. Ke4 Kf6 82. Be5+ Bxe5 83. Ng4+ Kg5 84. Nxe5 Ra4+ 85. Kd3 1/2-1/2

[Event "Sunday 29 April Rapid Engine Tour 12+1 Rounds 9 Starts 1600 ST"]
[Site "Infinity Chess"]
[Date "2018.4.29"]
[Round "7"]
[White "Marsell"]
[Black "Dovahkiin"]
[Result "1/2-1/2"]
[ECO "C53"]
[WhiteElo "2451"]
[BlackElo "2379"]
[WhiteEngine "BrainFish_180418_x64_bmi2"]
[BlackEngine "BrainFish_180423_x64_modern_CTG"]
[EventType "Swiss"]
[WhiteTeam ""]
[BlackTeam ""]
[PlyCount "94"]
[TimeControl "720+1"]

1. e4 e5 2. Nf3 Nc6 3. Bc4 Bc5 4. c3 Nf6 5. d3 d6 6. O-O O-O 7. h3 a5 8. Nbd2 h6 
9. Re1 Be6 10. b3 Bb6 11. a4 d5 12. Bb5 Ne7 13. exd5 Nfxd5 14. Qc2 c6 
15. Bc4 Ng6 16. d4 Ndf4 17. dxe5 Nh4 18. Bf1 Bd5 19. Re4 Nfg6 20. Bc4 Bxe4 
21. Qxe4 Nxf3+ 22. Nxf3 Qd1+ 23. Kh2 Kh8 24. Bb2 f5 25. Qxc6 bxc6 26. Rxd1 Rfd8 
27. Re1 Bxf2 28. Rf1 Bc5 29. Bc1 Ne7 30. h4 Nd5 31. h5 Nxc3 32. Nh4 Rd1 
33. Rxd1 Nxd1 34. Nxf5 Kh7 35. Bf7 Nc3 36. Bf4 Nd5 37. Bg3 Ra7 38. e6 Ne7 
39. Nd6 Ra8 40. Nc4 g6 41. hxg6+ Nxg6 42. Bc7 Bb4 43. Kh3 Rc8 44. Bb6 Rb8 
45. Bc7 Rc8 46. Bb6 Rb8 47. Bc7 Rc8 1/2-1/2

[Event "Sunday 29 April Rapid Engine Tour 12+1 Rounds 9 Starts 1600 ST"]
[Site "Infinity Chess"]
[Date "2018.4.29"]
[Round "7"]
[White "hafaba"]
[Black "Eman"]
[Result "1-0"]
[ECO "B90"]
[WhiteElo "2403"]
[BlackElo "2445"]
[WhiteEngine "Eman 1.70-beta21 64-bit POPCNT_CTG"]
[BlackEngine "Eman 1.70-beta27 64-bit BMI2"]
[EventType "Swiss"]
[WhiteTeam ""]
[BlackTeam ""]
[PlyCount "171"]
[TimeControl "720+1"]

1. e4 c5 2. Nf3 d6 3. d4 cxd4 4. Nxd4 Nf6 5. Nc3 a6 6. Be3 e5 7. Nb3 Be6 
8. f3 Nbd7 9. Qd2 Be7 10. g4 O-O 11. O-O-O b5 12. g5 Nh5 13. Nd5 Bxd5 
14. exd5 f5 15. gxf6 Bxf6 16. Na5 Qe8 17. Bh3 Nf4 18. Bxf4 exf4 19. Be6+ Kh8 
20. Nc6 Ne5 21. Nxe5 Bxe5 22. h4 b4 23. Kb1 Rb8 24. h5 Qe7 25. Qd3 a5 26. Qg6 a4 
27. Bf5 hxg6 28. hxg6+ Kg8 29. Rh2 Rfd8 30. Rdh1 Qh4 31. Rxh4 Kf8 32. b3 axb3 
33. cxb3 Ke7 34. Rh5 Kf6 35. Be4 Rf8 36. Rc1 Bc3 37. a4 Rbc8 38. Rc2 Ke7 
39. Bf5 Rc5 40. Bd3 Kd8 41. Bc4 Ke7 42. Kc1 Rf6 43. Rg2 Rf8 44. Rc2 Bd4 
45. Kd1 Rc7 46. Bd3 Rxc2 47. Bxc2 Be5 48. Bd3 Kd7 49. Rh2 Kc7 50. a5 Re8 
51. Re2 Rh8 52. Re4 Rh1+ 53. Kc2 Rh2+ 54. Be2 Bc3 55. a6 Kb8 56. Re8+ Ka7 
57. Re7+ Ka8 58. Kd3 Be5 59. Rb7 Rg2 60. Rxb4 Rxg6 61. Rb7 Rg2 62. Rd7 Rh2 
63. b4 Rh1 64. Kc2 Ra1 65. Bb5 Kb8 66. Rb7+ Kc8 67. Bd3 g6 68. b5 Bd4 
69. Kb3 Bc5 70. b6 Bd4 71. Rc7+ Kd8 72. Rc6 Ke7 73. b7 Ba7 74. Rc8 Kf6 
75. Ra8 Rd1 76. Kc2 Rg1 77. Rxa7 Kg5 78. b8=Q Kh4 79. Qe8 Kg3 80. Rg7 Rg2+ 
81. Kb3 Kh2 82. Rh7+ Kg3 83. Qe1+ Rf2 84. Rh3+ Kxh3 85. Qxf2 g5 86. Bf1# 1-0

[Event "Sunday 29 April Rapid Engine Tour 12+1 Rounds 9 Starts 1600 ST"]
[Site "Infinity Chess"]
[Date "2018.4.29"]
[Round "7"]
[White "HerzsjeMZ"]
[Black "KhalidOmar"]
[Result "1/2-1/2"]
[ECO "C50"]
[WhiteElo "2450"]
[BlackElo "2461"]
[WhiteEngine "SugaR.XPrO.1.4.64.POCNT"]
[BlackEngine "Eman 1.70-beta28 64-bit BMI2"]
[EventType "Swiss"]
[WhiteTeam ""]
[BlackTeam ""]
[PlyCount "109"]
[TimeControl "720+1"]

1. e4 e5 2. Nf3 Nc6 3. Bc4 Bc5 4. O-O Nf6 5. d3 d6 6. c3 a5 7. h3 Ba7 8. Re1 O-O 
9. a4 h6 10. Na3 Ne7 11. d4 exd4 12. cxd4 c6 13. Bd3 d5 14. e5 Ne4 15. Nc2 Bf5 
16. Nh4 Bh7 17. f3 Ng5 18. Bxh7+ Kxh7 19. Qd3+ Kg8 20. Be3 f6 21. Ng6 Nxg6 
22. Qxg6 fxe5 23. Bxg5 Qxg5 24. Qxg5 hxg5 25. Rxe5 Rfe8 26. Rxe8+ Rxe8 
27. Kf1 Bb6 28. Rb1 Re7 29. b3 Kf7 30. Kf2 Kg6 31. Rc1 Kf5 32. Rd1 Kf6 
33. Ne3 Re8 34. Ke2 Bc7 35. Kd3 Ke6 36. Ng4 Kd7 37. Ne3 Bf4 38. Nc2 Ra8 
39. Rh1 Bg3 40. Ne3 Re8 41. Nf5 Bf4 42. g3 Rf8 43. gxf4 Rxf5 44. fxg5 Rxf3+ 
45. Kc2 Rf2+ 46. Kd3 Rb2 47. Kc3 Re2 48. h4 Re3+ 49. Kb2 g6 50. h5 gxh5 
51. Rxh5 Re2+ 52. Kc3 Re3+ 53. Kb2 Re2+ 54. Kc3 Re3+ 55. Kb2 1/2-1/2

[Event "Sunday 29 April Rapid Engine Tour 12+1 Rounds 9 Starts 1600 ST"]
[Site "Infinity Chess"]
[Date "2018.4.29"]
[Round "7"]
[White "star99"]
[Black "Medusa"]
[Result "1/2-1/2"]
[ECO "E21"]
[WhiteElo "2452"]
[BlackElo "2461"]
[WhiteEngine "Cryptic Heroes 9.4B"]
[BlackEngine "Eman 1.70-beta23 64-bit BMI2"]
[EventType "Swiss"]
[WhiteTeam ""]
[BlackTeam ""]
[PlyCount "97"]
[TimeControl "720+1"]

1. d4 Nf6 2. c4 e6 3. Nc3 Bb4 4. Nf3 O-O 5. e3 b6 6. Be2 Bxc3+ 7. bxc3 Ne4 
8. Qc2 f5 9. O-O d6 10. Ne1 Bb7 11. f3 Nf6 12. Bd3 Nc6 13. Ba3 Na5 14. e4 c5 
15. exf5 exf5 16. Bxf5 Bc8 17. Bd3 Ba6 18. Rf2 Qe8 19. Re2 Qf7 20. Bc1 Bxc4 
21. dxc5 dxc5 22. Bg5 Rae8 23. Bxf6 gxf6 24. Rxe8 Rxe8 25. Rd1 Bxa2 
26. Bxh7+ Kg7 27. Bg6 Bb3 28. Bxf7 Bxc2 29. Nxc2 Kxf7 30. Kf2 Nc4 31. Rd7+ Re7 
32. Rxe7+ Kxe7 33. Ne3 Nd6 34. c4 Kf7 35. Ke2 a6 36. g4 b5 37. cxb5 axb5 
38. h4 b4 39. Kd3 Ke6 40. Nc4 b3 41. Nxd6 Kxd6 42. Kc3 c4 43. f4 Ke6 44. f5+ Kf7 
45. g5 fxg5 46. hxg5 Kf8 47. Kb2 Kf7 48. Kc3 Kg8 49. f6 1/2-1/2

[Event "Sunday 29 April Rapid Engine Tour 12+1 Rounds 9 Starts 1600 ST"]
[Site "Infinity Chess"]
[Date "2018.4.29"]
[Round "7"]
[White "Susanne"]
[Black "Deep_Impact"]
[Result "1/2-1/2"]
[ECO "A15"]
[WhiteElo "2544"]
[BlackElo "2506"]
[WhiteEngine "asmFishW_IX_bmi2_CTG"]
[BlackEngine "asmFishW_2018-04-24_bmi2"]
[EventType "Swiss"]
[WhiteTeam ""]
[BlackTeam ""]
[PlyCount "137"]
[TimeControl "720+1"]

1. c4 Nf6 2. d4 e6 3. Nf3 b6 4. g3 Ba6 5. Qa4 Bb7 6. Bg2 Be7 7. O-O c5 
8. Nc3 O-O 9. Rd1 cxd4 10. Nxd4 Bxg2 11. Kxg2 Qc7 12. Bf4 Qb7+ 13. f3 a6 
14. Rd2 Rc8 15. e4 Ne8 16. Nc2 Nc6 17. h4 d6 18. Na3 h6 19. Qd1 Rab8 20. Rc1 Ne5 
21. Qe2 Rc7 22. Rb1 Rbc8 23. Rd4 Nc6 24. Rd2 Ne5 25. Rd4 g5 26. Be3 f5 
27. exf5 g4 28. Kf1 gxf3 29. Qd2 Bf6 30. fxe6 Rg7 31. Bf2 Qe7 32. Rf4 Ng4 
33. Kg1 Be5 34. Nd5 Qxe6 35. Rxf3 Nef6 36. Nxf6+ Nxf6 37. Re1 Nh5 38. Qd3 Kh8 
39. Kf1 Re8 40. Ree3 Nf6 41. Be1 Qh3+ 42. Ke2 Ng4 43. Re4 Qg2+ 44. Kd1 Qxb2 
45. Nc2 Qxa2 46. Bc3 Qb1+ 47. Kd2 a5 48. Re1 Qa2 49. Ra1 Qb3 50. Nd4 Bxd4 
51. Bxd4 Qxd3+ 52. Rxd3 Ne5 53. Bxe5 dxe5 54. Rd6 Rxg3 55. Rxh6+ Kg7 
56. Rxb6 Rd8+ 57. Ke2 Rd4 58. Rxa5 Rxc4 59. Ra7+ Kh8 60. Re6 Re4+ 61. Kf2 Rg7 
62. Rxg7 Kxg7 63. h5 Kf7 64. Rc6 Ra4 65. h6 Rh4 66. Kg2 Ra4 67. h7 Rh4 
68. Rc5 Rxh7 69. Rxe5 1/2-1/2

[Event "Sunday 29 April Rapid Engine Tour 12+1 Rounds 9 Starts 1600 ST"]
[Site "Infinity Chess"]
[Date "2018.4.29"]
[Round "7"]
[White "KRAKEN"]
[Black "CoffeeOne"]
[Result "1/2-1/2"]
[ECO "D31"]
[WhiteElo "2558"]
[BlackElo "2480"]
[WhiteEngine "Raubfisch ME262_GTZ17b3._CTG"]
[BlackEngine "cfish-2018-04-25-2"]
[EventType "Swiss"]
[WhiteTeam ""]
[BlackTeam ""]
[PlyCount "145"]
[TimeControl "720+1"]

1. d4 d5 2. c4 e6 3. Nc3 c6 4. e3 Nf6 5. Nf3 Nbd7 6. Qc2 Bd6 7. Bd3 O-O 
8. O-O dxc4 9. Bxc4 b5 10. Be2 Bb7 11. Bd2 Qb8 12. Rac1 Rc8 13. Ne4 Nxe4 
14. Qxe4 c5 15. Qh4 a6 16. Rfd1 h6 17. h3 Nf6 18. dxc5 Rxc5 19. Rxc5 Bxc5 
20. Bc3 Be7 21. Ne5 Nd5 22. Qh5 Qf8 23. Bd4 Nf6 24. Qh4 Rc8 25. a3 Bd5 
26. Bd3 Qd8 27. Ra1 Bb3 28. Be2 Bd6 29. Nd3 Kh7 30. f4 Be7 31. Bf3 Kg8 
32. Qg3 a5 33. Rc1 Rxc1+ 34. Nxc1 Bc4 35. Ne2 Bf8 36. Nc3 Bd3 37. Qe1 b4 
38. axb4 axb4 39. Nd1 Bg6 40. Nf2 Nh5 41. Bxh5 Bxh5 42. Nd3 Qa5 43. Qc1 Qa6 
44. Ne5 Bd6 45. Qc4 Qxc4 46. Nxc4 Be7 47. Kf2 Bg6 48. Ne5 Be4 49. Nd7 b3 
50. g3 Bc2 51. Bc5 Bd8 52. Ne5 Be4 53. h4 f6 54. Nc4 f5 55. Ke2 Bf6 56. Bd4 Be7 
57. Nd2 Bd5 58. Kd3 Bb4 59. e4 Bxe4+ 60. Nxe4 fxe4+ 61. Kxe4 Be1 62. h5 Bxg3 
63. f5 exf5+ 64. Kxf5 Kf7 65. Be3 Kf8 66. Bc1 Bh4 67. Ke5 Bg5 68. Bxg5 hxg5 
69. Kf5 g4 70. Kxg4 Ke7 71. Kf3 Ke6 72. Ke4 Kf7 73. Kf5 1/2-1/2

[Event "Sunday 29 April Rapid Engine Tour 12+1 Rounds 9 Starts 1600 ST"]
[Site "Infinity Chess"]
[Date "2018.4.29"]
[Round "7"]
[White "Gilgamesch"]
[Black "angriff"]
[Result "1/2-1/2 "]
[ECO "C50"]
[WhiteElo "2514"]
[BlackElo "2441"]
[WhiteEngine "BrainFish_180408_x64_bmi2"]
[BlackEngine "DracoREX 3.07 64BIT POPCNT_CTG"]
[EventType "Swiss"]
[WhiteTeam ""]
[BlackTeam ""]
[PlyCount "234"]
[TimeControl "720+1"]

1. e4 e5 2. Nf3 Nc6 3. Bc4 Bc5 4. O-O Nf6 5. Re1 Ng4 6. Rf1 Nf6 7. d3 d6 
8. Re1 O-O 9. c3 a5 10. Nbd2 h6 11. Nf1 a4 12. Ng3 Ra5 13. h3 b5 14. b4 axb3 
15. Bxb3 Be6 16. Rb1 Bb6 17. d4 Bxb3 18. axb3 Re8 19. Be3 Ra2 20. Rc1 Qa8 
21. Nh4 Ne7 22. Qf3 Ng6 23. Nhf5 Qd8 24. Ra1 Rxa1 25. Rxa1 d5 26. exd5 Qxd5 
27. Qxd5 Nxd5 28. Nh5 Rb8 29. Bd2 exd4 30. cxd4 Nge7 31. Nhxg7 Bxd4 
32. Nxd4 Kxg7 33. Rc1 h5 34. Kf1 Kf6 35. Bc3 Rb7 36. Nxb5+ Nxc3 37. Nxc3 Rxb3 
38. Ne4+ Kf5 39. Ng3+ Kg6 40. Rxc7 Rb1+ 41. Ke2 Rb2+ 42. Kd1 Nd5 43. Rc6+ f6 
44. Ne2 Kf5 45. Rc5 Ke4 46. Ke1 Nb4 47. Rc4+ Kd5 48. Rd4+ Ke5 49. Rd1 h4 
50. Kf1 Nc6 51. Re1 Kf5 52. Ra1 Ke5 53. Re1 Kf5 54. Rc1 Ne5 55. Rd1 Ra2 
56. Nc3 Ra3 57. Nd5 Ra4 58. Nb6 Re4 59. Nd5 Ra4 60. Nc3 Ra3 61. Ne2 Ra5 
62. Kg1 Ra3 63. Rd2 Ra1+ 64. Kh2 Ra4 65. Nc3 Ra3 66. Ne2 Ra4 67. Nc3 Ra3 
68. Nb5 Ra4 69. Rd1 Rb4 70. Nc7 Kg6 71. Nd5 Ra4 72. Rd2 Kf5 73. Re2 Ke6 
74. Nc3 Rc4 75. Ne4 Rb4 76. Nd2 Kf5 77. Nf1 Ra4 78. Ne3+ Kg5 79. Nd5 Nd3 
80. Rd2 Nf4 81. Ne7 f5 82. Nc6 Ng6 83. Nd4 Kf6 84. Nb5 Ra5 85. Nd4 Ra4 
86. Nc6 Kg5 87. Nd8 Nf4 88. Rd6 Ra7 89. Rd2 Ra4 90. Nb7 Ne6 91. Rd6 Rb4 
92. Rxe6 Rxb7 93. Re1 Rb4 94. Kh1 Rb2 95. Kg1 Kf6 96. Rf1 Rb3 97. Rc1 Rb2 
98. Kf1 Ra2 99. Rc6+ Kg5 100. Rc1 Kf6 101. Kg1 Kg5 102. Re1 Rb2 103. Rd1 Rc2 
104. Rb1 Ra2 105. Kf1 Ra3 106. Ke2 Ra2+ 107. Kf1 Ra4 108. Rd1 Ra2 109. Rd3 Kf4 
110. Rd4+ Ke5 111. Rd1 Kf4 112. Re1 Rb2 113. Rc1 Ke5 114. Kg1 Kf6 115. Rc6+ Kg5 
116. f3 Rb1+ 117. Kh2 Rb3 1/2-1/2

[Event "Sunday 29 April Rapid Engine Tour 12+1 Rounds 9 Starts 1600 ST"]
[Site "Infinity Chess"]
[Date "2018.4.29"]
[Round "6"]
[White "KQRBNP"]
[Black "Katzenmaier"]
[Result "1/2-1/2"]
[ECO "B90"]
[WhiteElo "2329"]
[BlackElo "2444"]
[WhiteEngine "Eman 1.70-beta28 64-bit POPCNT"]
[BlackEngine "Raubfisch X38b1"]
[EventType "Swiss"]
[WhiteTeam ""]
[BlackTeam ""]
[PlyCount "138"]
[TimeControl "720+1"]

1. e4 c5 2. Nf3 d6 3. d4 cxd4 4. Nxd4 Nf6 5. Nc3 a6 6. Be3 e5 7. Nb3 Be6 
8. Be2 Be7 9. Nd5 Nxd5 10. exd5 Bf5 11. O-O O-O 12. Rc1 Nd7 13. Qd2 a5 
14. a4 Nf6 15. c4 Ne4 16. Qd1 Bg5 17. Bxg5 Qxg5 18. Bd3 Nf6 19. Bxf5 Qxf5 
20. Qd2 Nh5 21. Nxa5 Nf4 22. f3 Qg5 23. Nb3 Rxa4 24. g3 h6 25. Kf2 Nh3+ 
26. Kg2 Nf4+ 27. Kf2 Nh5 28. Qxg5 hxg5 29. Nd2 Nf6 30. Ra1 Rfa8 31. Rxa4 Rxa4 
32. Rc1 Kf8 33. c5 dxc5 34. Rxc5 Rd4 35. Nc4 Nxd5 36. Nxe5 Ke7 37. Nc4 f6 
38. b3 Kd8 39. Ne3 Ne7 40. Ke2 Rb4 41. Rc3 Kd7 42. Rd3+ Ke6 43. Nc4 Nc6 
44. Ke3 Rb5 45. Nd6 Rb6 46. Nc4 Rb4 47. Rd6+ Kf5 48. Rd5+ Ne5 49. Kd4 Ke6 
50. Rd6+ Ke7 51. Rd5 Nxc4 52. bxc4 b6 53. Kc3 Rb1 54. Rb5 Rxb5 55. cxb5 Ke6 
56. Kd4 g6 57. h3 Kd6 58. Ke4 Kc5 59. f4 gxf4 60. gxf4 f5+ 61. Ke5 Kxb5 
62. Kf6 Kc4 63. h4 b5 64. Kxg6 b4 65. h5 b3 66. h6 b2 67. h7 b1=Q 68. h8=Q Qg1+ 
69. Kxf5 Qb1+ 1/2-1/2

[Event "Sunday 29 April Rapid Engine Tour 12+1 Rounds 9 Starts 1600 ST"]
[Site "Infinity Chess"]
[Date "2018.4.29"]
[Round "6"]
[White "IronMan"]
[Black "Dovahkiin"]
[Result "1/2-1/2"]
[ECO "C50"]
[WhiteElo "2354"]
[BlackElo "2380"]
[WhiteEngine "Eman 1.70-beta23 64-bit POPCNT"]
[BlackEngine "BrainFish_180423_x64_modern_CTG"]
[EventType "Swiss"]
[WhiteTeam ""]
[BlackTeam ""]
[PlyCount "125"]
[TimeControl "720+1"]

1. e4 e5 2. Nf3 Nc6 3. Bc4 Bc5 4. O-O Nf6 5. Re1 O-O 6. d3 d6 7. c3 a5 8. h3 h6 
9. Bb5 Ba7 10. Nbd2 Ne7 11. d4 Ng6 12. Bd3 Re8 13. a4 c6 14. Bc2 Bb8 15. Kf1 Be6 
16. Kg1 Bc8 17. Bb3 d5 18. dxe5 Nxe5 19. exd5 Nxd5 20. Bc2 Nf6 21. c4 Nxf3+ 
22. Nxf3 Qxd1 23. Rxd1 Ba7 24. b3 Bb6 25. Bb2 Ne4 26. Nd4 Bd7 27. Re1 Nc5 
28. Kf1 Rad8 29. Rad1 Rxe1+ 30. Kxe1 Bc8 31. Ne2 Rxd1+ 32. Kxd1 g6 33. f4 Bc7 
34. Kd2 Ne6 35. Ke3 Bb6+ 36. Kf3 f5 37. g4 Ng7 38. Ng3 Bc7 39. gxf5 Nxf5 
40. Nxf5 Bxf5 41. Bxf5 gxf5 42. Be5 Bb6 43. Ke2 Kf7 44. Bh8 Bc7 45. Bc3 Bxf4 
46. Bxa5 c5 47. Kf3 Bd6 48. Bd2 h5 49. Be3 Ke6 50. a5 Kf6 51. Bf2 Ke6 52. h4 Kd7 
53. Ke3 Kc6 54. Kd3 Be5 55. Ke2 Bc3 56. Kf3 Be5 57. Be1 Kd7 58. Bf2 Bd6 
59. Be1 Kc7 60. Bf2 Kc6 61. Be3 Kd7 62. Bd2 Ke6 63. Bg5 1/2-1/2

[Event "Sunday 29 April Rapid Engine Tour 12+1 Rounds 9 Starts 1600 ST"]
[Site "Infinity Chess"]
[Date "2018.4.29"]
[Round "6"]
[White "angriff"]
[Black "fsher"]
[Result "1-0 "]
[ECO "A40"]
[WhiteElo "2426"]
[BlackElo "2389"]
[WhiteEngine "DracoREX 3.07 64BIT POPCNT_CTG"]
[BlackEngine "stockfish_17060619_x64_modern_CTG"]
[EventType "Swiss"]
[WhiteTeam ""]
[BlackTeam ""]
[PlyCount "147"]
[TimeControl "720+1"]

1. d4 e6 2. e4 d5 3. Nc3 Nf6 4. e5 Nfd7 5. f4 c5 6. Nf3 Be7 7. Be3 O-O 8. Qd2 a6 
9. Bd3 Nc6 10. dxc5 Nxc5 11. Bxc5 Bxc5 12. Bxh7+ Kxh7 13. Ng5+ Kg8 14. Qd3 Re8 
15. Qh7+ Kf8 16. Qh5 Qc7 17. O-O-O Nd4 18. Rhf1 g6 19. Qh8+ Ke7 20. Qf6+ Kd7 
21. Nf3 Rf8 22. Nxd4 Qd8 23. Ne4 Be7 24. Qg7 Kc7 25. Nf3 b5 26. Nd6 Bxd6 
27. exd6+ Kb6 28. Ne5 Qxd6 29. Nxf7 Ra7 30. Qd4+ Qc5 31. Qxc5+ Kxc5 32. Ne5 Rh8 
33. Rf3 b4 34. h3 Kd6 35. Rg3 Rg7 36. Rg4 Rhg8 37. h4 Bd7 38. Kd2 Rc8 
39. h5 Rcg8 40. h6 Rh7 41. Rh1 Be8 42. Nf3 Rf8 43. Rgh4 Rhh8 44. a3 bxa3 
45. bxa3 Rf5 46. g3 Ke7 47. Rb1 Rh5 48. Rb7+ Kf6 49. h7 a5 50. Ra7 Bf7 
51. Ng5 Be8 52. Ra6 Kg7 53. Rxe6 Rxh4 54. gxh4 Kh6 55. f5 d4 56. fxg6 Bxg6 
57. Nf7+ Kh5 58. Rxg6 Rxh7 59. Rh6+ Rxh6 60. Nxh6 Kxh4 61. Nf7 Kg4 62. Kd3 Kf5 
63. Kxd4 Ke6 64. Ne5 a4 65. c4 Kd6 66. c5+ Ke6 67. Ke4 Ke7 68. Kd5 Ke8 
69. Kd6 Kd8 70. c6 Kc8 71. c7 Kb7 72. Kd7 Kb6 73. c8=Q Ka7 74. Qc5+ 1-0